 Dungeon Crawl Stone Soup version 0.23-a0-275-g0cf4261 (webtiles) character file.

380 Raizusai the Chopper (level 6, 56/56 HPs)
             Began as a Minotaur Fighter on Oct 2, 2018.
             Quit the game in the Ecumenical Temple.
             The game lasted 00:28:11 (3007 turns).

Raizusai the Chopper (Minotaur Fighter)             Turns: 3007, Time: 00:28:12

Health: 56/56      AC:  9    Str: 23    XL:     6   Next: 46%
Magic:  5/5        EV:  6    Int:  5    God:
Gold:   120        SH: 10    Dex:  9    Spells: 5/5 levels left

rFire    . . .     SeeInvis .   a - +0 war axe
rCold    . . .     Gourm    .   c - +0 shield
rNeg     . . .     Faith    .   h - +0 chain mail
rPois    .         Spirit   +   (helmet restricted)
rElec    .         Reflect  .   r - scarf {cloud immunity}
rCorr    .         Harm     .   (no gloves)
MR       +....                  (no boots)
Stlth    ..........             n - amulet of guardian spirit
HPRegen  0.18/turn              k - ring of protection from magic
MPRegen  0.09/turn              (no ring)

@: no status effects
A: retaliatory headbutt, horns 2
a: no special abilities


You were in the Ecumenical Temple.
You were not hungry.

You visited 2 branches of the dungeon, and saw 5 of its levels.

You collected 120 gold pieces.

Inventory:

Hand Weapons
 a - a +0 war axe (weapon)
Missiles
 g - 4 javelins (quivered)
Armour
 c - a +0 shield (worn)
 h - a +0 chain mail (worn)
 r - a scarf of cloud immunity (worn)
Jewellery
 k - a ring of protection from magic (left hand)
 n - an amulet of guardian spirit (around neck)
 t - a +4 ring of evasion {unknown}
Wands
 s - a wand of flame (44)
 u - a wand of disintegration (13)
Scrolls
 e - 2 scrolls of teleportation
Potions
 d - a potion of might
 i - a potion of resistance {unknown}
 l - a potion of haste {unknown}
 o - 4 potions of curing
Comestibles
 f - 6 rations


   Skills:
 + Level 5.1 Fighting
 * Level 5.6 Axes
 + Level 5.0 Armour
 + Level 5.0 Shields


You had 5 spell levels left.
You didn't know any spells.
Your spell library was empty.

Dungeon Overview and Level Annotations

Branches:
Dungeon (4/15)             Temple (1/1) D:4

Altars:
Ashenzari
Cheibriados
Elyvilon
Fedhas
Hepliaklqana
Kikubaaqudgha
Makhleb
Nemelex Xobeh
Okawaru
Qazlal
Trog
Uskayaw
Vehumet
Wu Jian
Xom
Yredelemnul
The Shining One


Innate Abilities, Weirdness & Mutations

You reflexively headbutt those who attack you in melee.
You have a pair of horns on your head.


Message History

Okay, then.
Okay, then.
What are your orders? t - Shout!
Orders for allies: a - Attack new target. r - Retreat! s - Stop attacking. g - Guard the area. f - Follow me.
Anything else - Cancel.
Okay, then.
Done exploring.
Unknown command.
Unknown command.
You are not religious.
Save game and exit?
Welcome back, Raizusai the Minotaur Fighter.
Press ? for a list of commands and other information.
Okay, then.
Quiver which item? (- for none, * to show all) (? for menu, Esc to quit)
Okay, then.
Are you sure you want to abandon this character and quit the game? (Confirm

###. ###...
###.....
###......#
#####.......#.
###...........#.
###............#..
#......###.....#._
#@..#.#...##...#..
#......._...#...#.
#...#.....⌠.#...#.
#..#.........#...#
#..#._.#.#._.#....
#..#.........#....
#...#.⌠.....#.....
#...#..._.........
#....##...#.#.....


There were no monsters in sight!

Vanquished Creatures
  A water moccasin (D:4)
  A hound (D:4)
  A bullfrog skeleton (D:4)
  A centaur skeleton (D:4)
  A worker ant (D:2)
  3 gnolls (D:4)
  5 adders
  An ooze (D:3)
  A worm (D:2)
  3 leopard geckos
  12 orcs
  6 goblins
  9 hobgoblins
  6 jackals
  5 kobolds
  4 quokkas
  2 ball pythons (D:1)
  7 bats
  3 frilled lizards
  4 rats
76 creatures vanquished.

Notes
Turn   | Place    | Note
-------+----------+-------------------------------------------
     0 | D:1      | Raizusai the Minotaur Fighter began the quest for the Orb.
     0 | D:1      | Reached XP level 1. HP: 19/19 MP: 0/0
   187 | D:1      | Reached XP level 2. HP: 27/27 MP: 1/1
   960 | D:2      | Reached XP level 3. HP: 33/33 MP: 2/2
  1280 | D:2      | Reached XP level 4. HP: 40/40 MP: 3/3
  2064 | D:3      | Reached XP level 5. HP: 45/47 MP: 4/4
  2169 | D:3      | Found a sparkling altar of Nemelex Xobeh.
  2561 | D:4      | Reached skill level 5 in Axes
  2757 | D:4      | Reached XP level 6. HP: 45/55 MP: 3/5
  2810 | D:4      | Found a staircase to the Ecumenical Temple.
  2810 | D:4      | Noticed a water moccasin
  2820 | D:4      | Killed a water moccasin
  2820 | D:4      | Reached skill level 5 in Fighting
  2820 | D:4      | Reached skill level 5 in Armour
  2820 | D:4      | Reached skill level 5 in Shields
  2838 | Temple   | Entered the Ecumenical Temple
  3007 | Temple   | Quit the game

Vault maps used:
D:1:      minmay_arrival_up_and_down, serial_park_tiny_pond
D:3:      first_ration, nemelex_xobeh_ov_fountains_minmay
D:4:      minmay_temple_entry_large_hall
Temple:   regret_index_temple_sphere_string

Skill      XL: |  1  2  3  4  5  6 |
---------------+-------------------+-----
Axes           | 3 4 5 |  5.6
Fighting       | 4 5 |  5.1
Armour         | 4 5 |  5.0
Shields        | 4 5 |  5.0

Action                   |  1- 3 |  4- 6 || total
-------------------------+-------+-------++-------
Melee: War axe           |    71 |   128 ||   199
       Headbutt          |     7 |    15 ||    22
 Fire: Hunting sling     |       |     2 ||     2
  Use: Scroll            |     1 |     6 ||     7
       Potion            |       |     1 ||     1
  Eat: Chunk             |     1 |     6 ||     7
Armor: Scale mail        |    31 |    39 ||    70
       Chain mail        |       |    23 ||    23
Dodge: Dodged            |    28 |    34 ||    62
Block: Shield            |    40 |    78 ||   118

Table legend:
 A = Non-vault XP
 B = Vault XP
 C = Vault XP percentage of total XP
 D = Non-vault monster count
 E = Vault monster count
 F = Vault count percentage of total count
                 A         B        C        D         E       F
            +---------+---------+-------+---------+---------+-------
      Total |     543 |       0 |   0.0 |      76 |       0 |   0.0
            +---------+---------+-------+---------+---------+-------
        D:1 |      27 |       0 |   0.0 |      18 |       0 |   0.0
        D:2 |      87 |       0 |   0.0 |      21 |       0 |   0.0
        D:3 |     101 |       0 |   0.0 |      28 |       0 |   0.0
        D:4 |     328 |       0 |   0.0 |       9 |       0 |   0.0
            +---------+---------+-------+---------+---------+-------
